 Dungeon Crawl Stone Soup version 0.28.0-53-g5a82cb258f (webtiles) character file.

Game seed: 1049207265581876842

109 Infinimo the Insei (level 4, 0/33 HPs)
             Began as a Merfolk Transmuter on June 10, 2022.
             Slain by a bullfrog (3 damage)
             ... in a sewer.
             The game lasted 00:03:24 (3258 turns).

Infinimo the Insei (Merfolk Transmuter)             Turns: 3258, Time: 00:03:25

Health: 0/33       AC:  2    Str: 10    XL:     4   Next: 90%
Magic:  6/7        EV: 16    Int: 14    God:
Gold:   41         SH:  0    Dex: 14    Spells: 5/8 levels left

rFire   . . .      SeeInvis .     - Unarmed
rCold   . . .      Faith    .   (no shield)
rNeg    . . .      Spirit   .   a - +0 robe
rPois   .          Reflect  .   (no helmet)
rElec   .          Harm     .   (no cloak)
rCorr   .          Rampage  .   (no gloves)
Will    .....                   (boots currently unavailable)
Stlth   ++........              (no amulet)
HPRegen 0.11/turn               (no ring)
MPRegen 0.10/turn               (no ring)

@: attractive, very quick
A: nimble swimmer 2, mertail
a: no special abilities


You were in a sewer.
You visited 1 branch of the dungeon, and saw 3 of its levels.
You also visited: Sewer.

You collected 41 gold pieces.

Inventory:

Missiles
 f - 6 curare-tipped darts
 i - 2 throwing nets
Armour
 a - a +0 robe (worn)
Potions
 b - a potion of curing
 j - 2 potions of resistance


   Skills:
 + Level 2.1 Fighting
 + Level 3.4 Dodging
 * Level 4.4 Unarmed Combat
 + Level 2.5 Spellcasting
 + Level 3.6 Transmutations


You had 5 spell levels left.
You knew the following spells:

 Your Spells              Type           Power      Damage    Failure   Level
a - Beastly Appendage     Tmut           22%        N/A       5%          1
b - Wereblood             Tmut           11%        N/A       8%          2

Your spell library contained the following spells:

 Spells                   Type           Power      Damage    Failure   Level
 Animate Skeleton         Necr           2%         N/A       22%         1
 Apportation              Tloc           2%         N/A       22%         1
 Summon Small Mammal      Summ           4%         N/A       22%         1
 Spider Form              Tmut/Pois      6%         N/A       32%         3
 Ice Form                 Ice/Tmut       6%         N/A       71%         4


Dungeon Overview and Level Annotations

Branches:
Dungeon (3/15)              Sewer (1/1)

Altars:


Innate Abilities, Weirdness & Mutations

You are very nimble when in or above water. (Stealth+, EV+, Speed+++)
Your lower body shifts to a powerful aquatic tail in water.


Message History

The bullfrog misses you.
The frilled lizard hisses.
Okay, then.
It was a potion of cancellation.
Your magical effects are unravelling.
You feel magically purged.
Your horns disappear.
Your primal bloodlust has ended.
The bullfrog hits you but does no damage.
The bullfrog hits you. The bullfrog misses you.
The bullfrog closely misses you.
It was a potion of attraction.
You feel attractive to monsters. The bullfrog hits you.
* * * LOW HITPOINT WARNING * * *
The bullfrog barely misses you.
It was a potion of heal wounds.
You feel much better. The bullfrog completely misses you.
The bullfrog closely misses you. The bullfrog hits you!
The bullfrog swells and bulges.
The bullfrog hits you but does no damage.
Your legs become a tail as you enter the water.
The frilled lizard is attracted toward you.
The bullfrog barely misses you.
The bullfrog releases a deep croak.
The bullfrog hits you.
Your legs become a tail as you enter the water.
The bullfrog misses you.
The bullfrog is attracted toward you. x2
The bullfrog hits you!
* * * LOW HITPOINT WARNING * * *
You see here a frilled lizard corpse.
The bullfrog hits you.
* * * LOW HITPOINT WARNING * * *
Your legs become a tail as you enter the water.
The frilled lizard is attracted toward you.
The bullfrog snags a nearby mosquito with its tongue.
The frilled lizard is attracted toward you.
The bullfrog closely misses you. The bullfrog hits you.
You die...

####### #.....########
####.≈†≈†.≈≈..≈.########
≈≈≈≈≈≈≈≈≈≈≈†≈lFF@..∩.∩.#
####.≈≈≈≈≈§†.≈≈.########
#.≈≈§≈########
#.≈≈≈.##################
#≈≈≈≈.≈l≈.§............l.
#≈≈≈≈≈≈≈≈≈≈≈≈≈≈≈≈≈≈≈≈≈≈≈≈
#.≈≈≈≈≈≈≈≈≈≈≈≈≈≈≈≈≈≈≈≈≈≈≈
#≈≈≈≈≈≈≈≈≈≈≈≈≈≈≈≈≈≈≈≈≈≈≈≈
#.≈≈≈≈≈≈.........≈≈≈≈≈≈≈≈


You could see 2 bullfrogs and a frilled lizard.

Vanquished Creatures
  5 adders
  A river rat (D:3)
  A worm (D:2)
  4 endoplasms
  5 giant cockroaches
  2 goblins
  3 hobgoblins
  4 jackals (D:2)
  5 kobolds
  A quokka (D:3)
  9 ball pythons
  2 bats
  9 frilled lizards
  4 rats
55 creatures vanquished.

Notes
Turn   | Place    | Note
-------+----------+-------------------------------------------
     0 | D:1      | Infinimo the Merfolk Transmuter began the quest for the
                  | Orb.
     0 | D:1      | Reached XP level 1. HP: 15/15 MP: 3/3
   336 | D:1      | Reached XP level 2. HP: 17/21 MP: 5/5
   401 | D:1      | Learned a level 2 spell: Wereblood
   790 | D:1      | Found a faded altar of an unknown god.
  1371 | D:1      | You fall into a shaft and drop 1 floor!
  1432 | D:2      | HP: 1/21 [worm (10)]
  1912 | D:2      | Reached XP level 3. HP: 27/27 MP: 1/6
  2226 | D:2      | Reached skill level 4 in Unarmed Combat
  2564 | D:2      | Reached XP level 4. HP: 25/33 MP: 4/7
  2970 | D:3      | Found a glowing drain.
  3004 | Sewer    | Entered a sewer
  3220 | Sewer    | Noticed a bullfrog
  3238 | Sewer    | Noticed a bullfrog
  3258 | Sewer    | Slain by a bullfrog

Illustrated notes

Levels and vault maps discovered:
D:1:      minmay_arrival_four_circles, layout_basic,
          hellmonk_ecumenical_altar_arch_garden
D:2:      layout_loops_ring, serial_rivers, chequers_serial_rivers_room_b,
          chequers_serial_rivers_small_3, chequers_serial_rivers_small_a,
          chequers_serial_rivers_micro_a, chequers_serial_rivers_micro_a,
          chequers_serial_rivers_micro_d
D:3:      layout_basic, gammafunk_ghost_split, gup_sewer_entry_spiral
Sewer:    sewer_frog_island_01

Skill      XL: |  1  2  3  4 |
---------------+-------------+-----
Dodging        | 3 |  3.4
Transmutations | 3 |  3.6
Unarmed Combat | 4 |  4.4
Fighting       | 2 |  2.1
Spellcasting   | |  2.5

Action                   |  1- 3 |  4- 6 || total
-------------------------+-------+-------++-------
Melee: Unarmed           |   115 |    59 ||   174
       Punch             |     7 |     2 ||     9
       Headbutt          |    13 |     7 ||    20
       Tailslap          |       |     3 ||     3
 Cast: Beastly Appendage |    18 |     7 ||    25
       Wereblood         |    17 |     4 ||    21
  Use: Scroll            |       |     4 ||     4
       Potion            |       |     3 ||     3
 Stab: Sleeping          |     3 |       ||     3
Armor: Robe              |    17 |    13 ||    30
Dodge: Dodged            |    98 |    54 ||   152
